 Dungeon Crawl Stone Soup version 0.28.0-45-g0d030f2227 (webtiles) character file.

Game seed: 6307479437666119997

128 pkoi the Ruffian (level 4, 0/36 HPs)
             Began as a Demigod Warper on Apr 4, 2022.
             Slain by an adder (1 damage)
             ... on level 3 of the Dungeon.
             The game lasted 00:05:53 (4442 turns).

pkoi the Ruffian (Demigod Warper)                   Turns: 4442, Time: 00:05:53

Health: 0/36       AC:  5    Str: 16    XL:     4   Next: 58%
Magic:  9/9        EV: 12    Int: 15    God:
Gold:   59         SH:  0    Dex: 17    Spells: 0/6 levels left

rFire   . . .      SeeInvis .   a - +0 dagger (protect)
rCold   . . .      Faith    .   (no shield)
rNeg    . . .      Spirit   .   k - +3 robe of Sorcery {Dex+4}
rPois   .          Reflect  .   (no helmet)
rElec   .          Harm     .   i - scarf {repulsion}
rCorr   .          Rampage  .   (no gloves)
Will    .....                   (no boots)
Stlth   ++........              (no amulet)
HPRegen 0.12/turn               (no ring)
MPRegen 0.11/turn               (no ring)

@: lethally poisoned (0 -> -1), repel missiles
A: high MP 1, forlorn, divine attributes
a: no special abilities


You were on level 3 of the Dungeon.
You visited 1 branch of the dungeon, and saw 3 of its levels.

You collected 59 gold pieces.

Inventory:

Hand Weapons
 a - a +0 dagger of protection (weapon)
 b - a +0 hunting sling
 d - a +0 mace
 f - a +0 short sword
Missiles
 c - a boomerang of dispersal (quivered)
 j - 43 stones
 l - 5 silver boomerangs
Armour
 g - a +0 leather armour
 i - a scarf of repulsion (worn)
 k - the +3 robe of Sorcery (worn) {Dex+4}
   (You found it on level 2 of the Dungeon)

   Dex:       It affects your dexterity (+4).
Wands
 o - a wand of iceblast (3)
Scrolls
 e - a scroll of blinking
Potions
 h - a potion of invisibility {unknown}
 m - 2 potions of heal wounds {unknown}
 n - a potion of haste


   Skills:
 - Level 1.7 Fighting
 - Level 0.8 Throwing
 - Level 0.8 Armour
 - Level 1.7 Dodging
 * Level 4.2 Unarmed Combat
 - Level 1.7 Spellcasting
 + Level 3.3 Translocations


You couldn't memorise any spells.
You knew the following spells:

 Your Spells              Type           Power      Damage    Failure   Level
a - Blink                 Tloc           22%        N/A       9%          2
b - Gell's Gravitas       Tloc           11%        N/A       19%         3
c - Apportation           Tloc           22%        N/A       6%          1

Your spell library contained the following spells:

 Spells                   Type           Power      Damage    Failure   Level
 Lesser Beckoning         Tloc           11%        N/A       19%         3
 Teleport Other           Tloc           11%        N/A       19%         3
 Manifold Assault         Tloc           11%        N/A       86%         5


Dungeon Overview and Level Annotations

Branches:
Dungeon (3/15)


Innate Abilities, Weirdness & Mutations

You have an increased reservoir of magic. (+10% MP)
You shall have no god before yourself.
Your divine heritage dramatically boosts your attributes as you level up.


Message History

* * * LOW HITPOINT WARNING * * *
You feel sick. The adder bites you but does no damage.
You hit the adder but do no damage.
The adder is severely wounded.
* * * LOW HITPOINT WARNING * * *
You feel sick. The adder closely misses you. The adder barely misses you.
You hit the adder but do no damage.
The adder is severely wounded.
You feel sick. The adder barely misses you.
You feel better. The adder barely misses you.
You closely miss the adder.
The adder is severely wounded.
The adder bites you but does no damage. The adder bites you.
* * * LOW HITPOINT WARNING * * *
You hit the adder.
The adder is almost dead.
The adder misses you.
You closely miss the adder.
The adder is almost dead.
The adder bites you.
* * * LOW HITPOINT WARNING * * *
You are poisoned.
The adder poisons you!
You barely miss the adder.
The adder is almost dead.
You feel sick. The adder bites you.
* * * LOW HITPOINT WARNING * * *
The adder misses you.
You closely miss the adder.
The adder is almost dead.
You feel sick. The adder bites you but does no damage.
You miss the adder.
The adder is almost dead.
You feel sick. The adder bites you.
* * * LOW HITPOINT WARNING * * *
You closely miss the adder.
The adder is almost dead.
* * * LOW HITPOINT WARNING * * *
You feel sick. The adder bites you.
You die...

##############
#............#
####.##########.#
#....##########.##
#................#
#.....####.####..#
#......###.####.@###
...[............S..#
........#######.(#.####
.†.....########........
#.....## #.............
#..<.## #.####....#####
...#.#####.####....#
.###>..............# .#
######.....(....#


You could see an adder.

Vanquished Creatures
  Jessica (D:2)
  3 adders (D:2)
  2 worms (D:2)
  A dart slug (D:1)
  8 endoplasms
  2 giant cockroaches
  6 goblins
  4 hobgoblins
  9 jackals (D:1)
  4 kobolds
  A quokka (D:2)
  10 ball pythons
  6 bats
  5 frilled lizards
  2 rats
64 creatures vanquished.

Notes
Turn   | Place    | Note
-------+----------+-------------------------------------------
     0 | D:1      | pkoi the Demigod Warper began the quest for the Orb.
     0 | D:1      | Reached XP level 1. HP: 17/17 MP: 5/5
    18 | D:1      | Reached skill level 2 in Unarmed Combat
   421 | D:1      | Reached XP level 2. HP: 14/24 MP: 7/7
  1036 | D:1      | Reached skill level 3 in Unarmed Combat
  1671 | D:1      | Reached XP level 3. HP: 29/29 MP: 8/8
  1674 | D:1      | Learned a level 2 spell: Blink
  1678 | D:1      | Learned a level 3 spell: Gell's Gravitas
  2983 | D:2      | Identified the +3 robe of Sorcery {Dex+4}
  3601 | D:2      | Noticed Jessica
  3604 | D:2      | Killed Jessica
  3605 | D:2      | Reached skill level 4 in Unarmed Combat
  3605 | D:2      | Reached XP level 4. HP: 36/36 MP: 9/9
  3622 | D:2      | Got Jessica's Incunabulum of Displacement
  3635 | D:2      | Learned a level 1 spell: Apportation
  4442 | D:3      | HP: 1/36 [poisoned by an adder]
  4442 | D:3      | Slain by an adder

Illustrated notes

Levels and vault maps discovered:
D:1:      scummos_arrival_forest, layout_loops_ring
D:2:      layout_basic, shapermc_ecumenical_altar_mp_highgroup,
          chequers_serial_rivers_micro_c, kennysheep_jessica_study
D:3:      layout_loops_ring, lemuel_round_altar

Skill      XL: |  1  2  3 |
---------------+----------+-----
Unarmed Combat | 2 3 4 |  4.2
Translocations | 3 |  3.3
Fighting       | |  1.7
Throwing       | |  0.8
Armour         | |  0.8
Dodging        | |  1.7
Spellcasting   | |  1.7

Action                   |  1- 3 |  4- 6 || total
-------------------------+-------+-------++-------
Melee: Unarmed           |    19 |       ||    19
       Mace              |    26 |       ||    26
       Short sword       |   132 |       ||   132
       Punch             |     5 |     1 ||     6
       Dagger            |    76 |    65 ||   141
 Fire: Hunting sling     |     9 |    21 ||    30
Throw: Boomerang         |     4 |       ||     4
  Use: Scroll            |     4 |     4 ||     8
       Potion            |       |     1 ||     1
 Stab: Sleeping          |     1 |     1 ||     2
Armor: Leather armour    |    74 |       ||    74
       Robe              |    16 |    23 ||    39
Dodge: Dodged            |   173 |    31 ||   204
